 Dungeon Crawl Stone Soup version 0.28-a0-1206-g193881aaa2 (webtiles) character file.

Game seed: 8828413947287005062

150061 snarfax the Executioner (level 17, -3/170 HPs)
             Began as a Hill Orc Fighter on Dec 15, 2021.
             Was the Champion of Beogh.
             Slain by a merfolk impaler (12 damage)
             ... on level 4 of the Shoals on Dec 20, 2021.
             The game lasted 03:04:44 (33747 turns).

snarfax the Executioner (Hill Orc Fighter)         Turns: 33747, Time: 03:04:44

Health: -3/170     AC: 33    Str: 27    XL:     17   Next: 52%
Magic:  18/20      EV: 18    Int:  8    God:    Beogh [******]
Gold:   1761       SH:  6    Dex: 10    Spells: 16/16 levels left

rFire   + . .      SeeInvis .   n - +7 broad axe (elec)
rCold   . . .      Faith    .   G - +1 buckler {reflect}
rNeg    . . .      Spirit   .   w - +2 plate armour {Will+}
rPois   .          Reflect  +   u - +3 helmet of the Equator {rF+}
rElec   .          Harm     .   s - +2 cloak
rCorr   .          Rampage  .   A - +2 pair of gloves
Will    ++...                   (no boots)
Stlth   ..........              h - amulet of regeneration
HPRegen 1.18/turn               T - +4 ring of evasion
MPRegen 0.17/turn               v - +4 ring of evasion

@: about to teleport, hasted, very quick
A: walk on water
a: Renounce Religion, Smiting, Recall Orcish Followers, Give Item to Named
Follower, Resurrection


You were on level 4 of the Shoals.
You worshipped Beogh.
Beogh was exalted by your worship.
You visited 5 branches of the dungeon, and saw 27 of its levels.
You visited the Abyss 1 time.
You visited 1 bazaar.

You collected 2421 gold pieces.
You spent 660 gold pieces at shops.

Inventory:

Hand Weapons
 n - a +7 broad axe of electrocution (weapon)
 y - a +2 vorpal trident
 E - a +3 scimitar of flaming
 V - a +2 trident of flaming
Missiles
 f - 7 javelins
 i - 4 silver javelins
 k - 54 poisoned darts
 m - 4 throwing nets
 t - 54 boomerangs
 M - 2 atropa-tipped darts (quivered)
Armour
 a - +0 ice dragon scales
 s - a +2 cloak (worn)
 u - the +3 helmet of the Equator (worn) {rF+}
   (You acquired it on level 5 of the Dungeon)

   rF:        It protects you from fire.
 w - a +2 plate armour of willpower (worn)
 A - a +2 pair of gloves (worn)
 G - a +1 buckler of reflection (worn)
 J - a +2 tower shield
Jewellery
 h - an amulet of regeneration (around neck)
 l - the ring of Qazlal's Esteem {rElec rPois}
   (You bought it in a shop on level 14 of the Dungeon)

   [ring of poison resistance]

   rElec:     It insulates you from electricity.
   rPois:     It protects you from poison.
 p - a ring of fire
 v - a +4 ring of evasion (right hand)
 B - a ring of resist corrosion
 F - a +6 ring of strength
 L - a +4 ring of evasion
 S - a ring of positive energy
 T - a +4 ring of evasion (left hand)
 Y - a ring of flight
 Z - a ring of wizardry
Wands
 b - a wand of flame (53)
 q - a wand of iceblast (26)
 x - a wand of acid (12)
 H - a wand of paralysis (15)
 P - a wand of digging (4)
Scrolls
 C - 3 scrolls of magic mapping
 I - 5 scrolls of identify
 K - 5 scrolls of teleportation
 O - 2 scrolls of silence
 Q - 2 scrolls of acquirement
 U - a scroll of fog
 W - 5 scrolls of enchant armour
Potions
 e - 5 potions of brilliance
 g - 3 potions of flight
 j - a potion of curing
 o - 4 potions of mutation
 r - 2 potions of invisibility
 z - a potion of berserk rage
 D - 2 potions of resistance
 R - a potion of cancellation
Miscellaneous
 c - a phantom mirror
 d - a box of beasts


   Skills:
 - Level 20.0 Fighting
 - Level 21.0 Axes
 - Level 20.0 Armour
 - Level 5.0 Dodging
 + Level 8.4 Shields
 - Level 5.0 Invocations


You had 16 spell levels left.
You didn't know any spells.
Your spell library contained the following spells:

 Spells                   Type           Power      Damage    Failure   Level
 Apportation              Tloc           0%         N/A       90%         1
 Freeze                   Ice            0%         1d3       90%         1
 Magic Dart               Conj           0%         1d3       90%         1
 Pain                     Necr           0%         1d4       90%         1
 Sandblast                Erth           0%         2d4       90%         1
 Slow                     Hex            0%         N/A       90%         1
 Call Imp                 Summ           0%         N/A       97%         2
 Corpse Rot               Necr/Air       0%         N/A       97%         2
 Ensorcelled Hibernation  Hex/Ice        0%         N/A       97%         2
 Passwall                 Tmut/Erth      0%         N/A       97%         2
 Poisonous Vapours        Pois/Air       0%         N/A       97%         2
 Sublimation of Blood     Necr           0%         N/A       97%         2
 Call Canine Familiar     Summ           0%         N/A       99%         3
 Confusing Touch          Hex            0%         N/A       99%         3
 Frozen Ramparts          Ice            0%         1d2       99%         3
 Gell's Gravitas          Tloc           0%         N/A       99%         3
 Lesser Beckoning         Tloc           0%         N/A       99%         3
 Mephitic Cloud           Conj/Pois/Air  0%         N/A       99%         3
 Ozocubu's Armour         Ice            0%         N/A       99%         3
 Portal Projectile        Hex/Tloc       0%         N/A       99%         3
 Spider Form              Tmut/Pois      0%         N/A       99%         3
 Teleport Other           Tloc           0%         N/A       99%         3
 Hailstorm                Conj/Ice       0%         3d3       100%        4
 Leda's Liquefaction      Hex/Erth       0%         N/A       100%        4
 Petrify                  Tmut/Erth      0%         N/A       100%        4
 Agony                    Necr           0%         N/A       100%        5
 Alistair's Intoxication  Tmut/Pois      0%         N/A       100%        5
 Blade Hands              Tmut           0%         N/A       100%        5
 Excruciating Wounds      Necr           0%         N/A       100%        5
 Irradiate                Conj/Tmut      0%         3d14      100%        5
 Iskenderun's Battlesphe  Conj           0%         2d6       100%        5
 Lee's Rapid Deconstruct  Erth           0%         3d5*      100%        5
 Metabolic Englaciation   Hex/Ice        0%         N/A       100%        5
 Yara's Violent Unravell  Hex/Tmut       0%         3d3       100%        5
 Iron Shot                Conj/Erth      0%         9d1       100%        6
 Simulacrum               Ice/Necr       0%         N/A       100%        6
 Statue Form              Tmut/Erth      0%         N/A       100%        6
 Spellforged Servitor     Conj/Summ      0%         N/A       100%        7


Dungeon Overview and Level Annotations

Branches:
Dungeon (15/15)            Temple (1/1) D:7            Lair (6/6) D:9
 Shoals (4/4) Lair:2        Snake (0/4) Lair:4        Slime (0/5) Lair:6
    Orc (1/2) D:12         Vaults (0/5) D:14         Depths (0/4) D:15

Altars:
Ashenzari
Cheibriados
Dithmenos
Elyvilon
Fedhas
Gozag
Hepliaklqana
Kikubaaqudgha
Makhleb
Nemelex Xobeh
Okawaru
Qazlal
Ru
Sif Muna
Trog
Uskayaw
Vehumet
Wu Jian
Xom
Yredelemnul
Zin
The Shining One
Jiyva

Shops:
D:7 ?   D:14 *   Shoals:1 [   Shoals:2 [

Portals:
Trove: D:15 (show abyssal rune of Zot)

Annotations:
D:14 2 runed translucent doors, a11behringer's ghost, journeyman MiBe
Lair:1 3 runed translucent doors, RancidPinata's ghost, journeyman GrDe


Message History

The water elemental hits you.
You slice the water elemental!!
You destroy the water elemental!
Beogh accepts your kill.
You gasp with relief as air once again reaches your lungs.
The merfolk impaler hits you but does no damage.
You slice the water elemental!!
The water elemental is severely damaged.
The water elemental closely misses you. The merfolk impaler misses you.
You slice the water elemental!!
You destroy the water elemental!
Beogh accepts your kill.
You slice the frost giant!! The merfolk impaler barely misses you.
You slice the frost giant!!
The frost giant is heavily wounded.
The merfolk impaler hits you from afar with a +2 demon trident of freezing.
The merfolk impaler freezes you. The frost giant casts a spell at you.
The bolt of cold hits you!!
* * * LOW HITPOINT WARNING * * *
The merfolk impaler misses you.
Your orc knight roars a battlecry!
Your orc knight goes into a battle-frenzy!
As you read the scroll of teleportation, it crumbles to dust.
You feel strangely unstable.
You are engulfed in freezing vapours.
* * * LOW HITPOINT WARNING * * *
You block the merfolk impaler's attack. x2
The frost giant hits you but does no damage.
The frost giant barely misses your orc knight.
The merfolk impaler hits you from afar with a +2 demon trident of freezing!
* * * LOW HITPOINT WARNING * * *
The merfolk impaler freezes you.
* * * LOW HITPOINT WARNING * * *
The merfolk impaler hits you from afar with a +2 trident of freezing!
* * * LOW HITPOINT WARNING * * *
The merfolk impaler freezes you.
* * * LOW HITPOINT WARNING * * *
You feel yourself speed up.
You are engulfed in freezing vapours.
The merfolk impaler hits you from afar with a +2 demon trident of freezing!
You die...

≈≈≈≈≈≈≈≈≈≈≈≈≈≈≈≈≈≈≈≈≈≈≈≈≈≈≈≈≈≈
≈≈≈≈≈≈≈≈≈≈≈≈≈≈≈≈≈≈≈≈≈≈≈≈≈≈≈≈≈≈
≈≈≈≈≈≈≈≈≈≈≈≈≈≈≈≈≈≈≈≈≈≈≈≈≈≈≈≈.
≈≈≈≈≈≈≈≈≈≈≈≈≈≈≈≈≈≈≈≈≈≈≈≈≈##≈
≈≈≈≈≈≈≈≈≈≈≈≈≈≈≈≈≈m≈mt≈≈≈≈#
≈≈≈≈≈≈≈≈≈≈≈≈≈≈≈≈≈o≈≈≈≈≈##)t≈#
≈≈≈≈≈≈≈≈≈≈≈≈≈≈≈≈≈≈m≈†≈≈# ≈≈m≈m≈≈
≈≈≈≈≈≈≈≈≈≈≈≈≈≈≈≈≈Cm≈≈≈≈###≈#E#≈#
≈≈≈≈≈≈≈≈.≈≈≈≈o≈≈@≈≈≈≈≈≈≈# Cc /≈
≈≈≈≈≈≈≈..≈≈≈≈≈≈°≈≈≈≈≈≈≈≈# ≈#E ≈#
≈≈...≈≈≈≈≈≈≈≈≈°≈≈≈≈≈≈≈≈## ≈≈≈ ≈
≈≈..≈≈..≈≈≈≈≈°≈≈≈≈≈≈≈≈≈≈## ≈ ≈.
≈....≈...≈≈≈°≈≈≈≈≈≈≈≈≈≈≈≈# ###
≈≈..≈≈...≈≈≈≈≈≈≈≈≈≈)≈≈≈≈≈##..###
≈≈..≈(....≈≈≈≈≈≈≈≈≈≈≈≈≈≈≈≈......
≈≈≈≈........≈≈÷≈≈≈≈≈≈≈≈≈≈≈......
≈≈≈≈............≈≈≈≈≈≈†≈≈.......


You could see a frost giant, 3 merfolk impalers, a merfolk aquamancer, a
snapping turtle and 2 friendly orc knights.

Vanquished Creatures
  A kraken (Shoals:1)
  Roxanne (D:14)
  Nessos (D:13)
  A blizzard demon (Abyss:4)
  4 merfolk javelineers
  5 merfolk impalers
  3 hydras
  4 boulder beetles
  3 ice dragons
  2 catoblepae (D:14)
  Erica (Orc:1)
  4 centaur warriors
  3 merfolk avatars
  3 ogre magi
  2 merfolk aquamancers
  2 dancing weapons (D:14)
  13 two-headed ogres
  An alligator snapping turtle (Shoals:4)
  4 death yaks
  3 tengu warriors
  2 thrashing horrors (Abyss:4)
  A deep elf knight (D:12)
  A spatial maelstrom (Abyss:4)
  A wretched star (Abyss:4)
  2 deep trolls (D:15)
  9 skeletal warriors (D:15)
  A flayed ghost (Abyss:3)
  7 sea snakes
  A lindwurm (Lair:6)
  2 orc knights (Orc:1)
  2 necromancers
  6 harpies
  8 deep elf pyromancers
  A wolf spider (Lair:3)
  11 ugly things
  6 fauns
  An orc sorcerer (Orc:1)
  7 manticores
  A worldbinder (Abyss:4)
  9 cyclopes
  A black mamba (Lair:1)
  3 merfolk sirens (Shoals:1)
  6 smoke demons (Abyss:4)
  8 cane toads
  An eye of devastation (shapeshifter) (D:12)
  3 water nymphs
  5 elephants (Lair:6)
  A molten gargoyle (D:14)
  2 torpor snails (Lair:6)
  2 gargoyles
  2 efreet
  A kobold demonologist (D:12)
  7 komodo dragons
  2 freezing wraiths
  A hellwing (Abyss:4)
  20 merfolk
  A silent spectre (Abyss:4)
  A troll (shapeshifter) (D:14)
  4 trolls
  A jumping spider (shapeshifter) (D:15)
  3 meliai (D:14)
  2 polar bears
  4 hornets
  5 large abominations
  3 wind drakes
  7 slime creatures
  11 blink frogs
  8 dream sheep
  3 redbacks (Lair:4)
  3 wraiths (D:12)
  6 water elementals
  3 basilisks
  A ynoxinul (Abyss:4)
  A human (D:14)
  A hog (shapeshifter) (D:12)
  2 wyverns
  22 yaks
  2 golden eyes (Abyss:3)
  2 steam dragons
  9 vampire mosquitoes
  A neqoxec (Abyss:3)
  A warg (Orc:1)
  3 acid dragons
  A naga (Lair:4)
  4 orc warriors
  9 water moccasins
  A sky beast (D:5)
  2 small abominations
  An ice beast (D:7)
  5 black bears
  8 ogres
  3 centaurs
  9 wolves
  9 bullfrogs
  3 kobold brigands
  2 scorpions
  A water moccasin zombie (D:4)
  A wyvern skeleton (D:6)
  4 wights (D:7)
  16 killer bees
  3 jellies (Lair:6)
  8 howler monkeys
  4 centaur zombies
  5 starcursed masses (Abyss:4)
  2 lava snakes
  2 orc priests
  A centaur skeleton (D:7)
  4 hounds
  5 iguanas
  21 orc wizards
  2 killer bee zombies (D:8)
  A hound skeleton (D:4)
  2 howler monkey zombies
  10 gnolls
  9 adders
  8 river rats (D:5)
  A white imp (D:6)
  An ufetubus (D:5)
  An adder zombie (D:4)
  2 worms
  27 orcs
  7 ball pythons
  15 endoplasms
  5 giant cockroaches
  7 goblins
  9 hobgoblins
  5 jackals
  11 quokkas
  5 bats
  7 frilled lizards
  25 kobolds
  24 rats
  4 bushes (Shoals:3)
  3 tentacles
640 creatures vanquished.

Vanquished Creatures (collateral kills)
  A kraken (Shoals:4)
  Louise (Shoals:3)
  A dire elephant (Lair:6)
  A merfolk javelineer (Shoals:4)
  A merfolk impaler (Shoals:2)
  2 boulder beetles (Lair:4)
  An alligator snapping turtle (Shoals:4)
  A merfolk avatar (Shoals:1)
  2 catoblepae (Lair:6)
  A two-headed ogre (Orc:1)
  2 hydras (Lair:6)
  13 death yaks
  2 sea snakes (Shoals:2)
  3 harpies (Shoals:1)
  4 lindwurms
  5 fauns
  5 cyclopes
  5 manticores
  3 black mambas
  A water nymph (Shoals:2)
  A gargoyle (D:12)
  2 merfolk sirens
  9 elephants (Lair:6)
  4 cane toads
  3 torpor snails (Lair:6)
  An unseen horror (D:9)
  2 komodo dragons
  3 rime drakes (Lair:6)
  A queen bee (Lair:2)
  4 tyrant leeches (Lair:6)
  3 polar bears (D:11)
  10 merfolk
  2 jumping spiders (Lair:4)
  A wind drake (Shoals:4)
  4 hornets (Lair:6)
  3 snapping turtles
  4 dream sheep
  17 blink frogs
  2 water elementals (Shoals:2)
  21 yaks
  A wraith (D:12)
  3 wyverns
  A hog (D:11)
  4 basilisks
  2 wargs
  8 water moccasins
  2 orc warriors (Orc:1)
  13 wolves
  4 bullfrogs
  13 killer bees (Lair:2)
  A lava snake (Lair:4)
  3 orc priests (Orc:1)
  An orc wizard (Orc:1)
  4 adders (Lair:3)
  5 orcs (Orc:1)
  A briar patch (Abyss:4)
  A bush (Lair:5)
  A tentacle (Shoals:4)
220 creatures vanquished.

Vanquished Creatures (others)
  An orc sorcerer (Lair:6)
  An orc knight (Shoals:4)
  An orc high priest (Lair:2)
  A wizard (D:12)
  4 orc warriors
  A cyclops (Shoals:2)
  An ugly thing (D:15)
  A manticore (D:12)
  A wolf (Lair:6)
  4 orc priests
  An orc wizard (Shoals:1)
  17 orcs
  A bush (Lair:6)
  4 demonic plants (Abyss:3)
  54 fungi
  123 plants
  4 tentacles
220 creatures vanquished.

Grand Total: 1080 creatures vanquished

Notes
Turn   | Place    | Note
-------+----------+-------------------------------------------
     0 | D:1      | snarfax the Hill Orc Fighter began the quest for the Orb.
     0 | D:1      | Reached XP level 1. HP: 19/19 MP: 1/1
   151 | D:1      | Reached skill level 3 in Axes
   191 | D:1      | Reached XP level 2. HP: 25/26 MP: 2/2
   599 | D:1      | Reached XP level 3. HP: 31/31 MP: 3/3
   607 | D:1      | Reached skill level 4 in Axes
   911 | D:2      | Reached skill level 5 in Axes
   911 | D:2      | Reached XP level 4. HP: 16/39 MP: 4/4
   956 | D:2      | Found a faded altar of an unknown god.
  1826 | D:3      | Noticed a scorpion
  1836 | D:3      | Killed a scorpion
  1837 | D:3      | Reached skill level 6 in Axes
  1837 | D:3      | Reached XP level 5. HP: 41/45 MP: 5/5
  2182 | D:3      | Reached skill level 7 in Axes
  2267 | D:3      | Found a hide-covered altar of Uskayaw.
  2453 | D:4      | Reached XP level 6. HP: 26/51 MP: 6/6
  2640 | D:4      | Reached skill level 8 in Axes
  3052 | D:4      | Reached XP level 7. HP: 54/57 MP: 7/7
  3058 | D:4      | Found a basalt altar of Yredelemnul.
  3493 | D:4      | Found an ancient bone altar of Kikubaaqudgha.
  3517 | D:4      | Found a radiant altar of Vehumet.
  3533 | D:4      | Found a shimmering blue altar of Sif Muna.
  3542 | D:4      | Reached skill level 9 in Axes
  3683 | D:5      | Entered Level 5 of the Dungeon
  3818 | D:5      | Reached skill level 10 in Axes
  3986 | D:5      | Reached XP level 8. HP: 55/64 MP: 8/8
  4139 | D:5      | Reached skill level 11 in Axes
  4308 | D:5      | Identified a scroll of acquirement
  4308 | D:5      | Acquired the +3 helmet of the Equator {rF+}
  4350 | D:5      | Reached skill level 5 in Shields
  4778 | D:6      | Reached skill level 5 in Armour
  4779 | D:6      | Reached skill level 12 in Axes
  5349 | D:6      | Reached XP level 9. HP: 27/70 MP: 9/9
  5360 | D:6      | Reached skill level 13 in Axes
  5971 | D:7      | Found a staircase to the Ecumenical Temple.
  5983 | Temple   | Entered the Ecumenical Temple
  6281 | D:7      | Found Hymug's Magic Scroll Boutique.
  6284 | D:7      | Bought a scroll of teleportation for 39 gold pieces
  6436 | D:7      | Reached skill level 14 in Axes
  6703 | D:8      | Found a stormy altar of Qazlal.
  6925 | D:8      | Found a burning altar of Makhleb.
  6944 | D:8      | Reached skill level 15 in Axes
  6959 | D:8      | Reached XP level 10. HP: 68/77 MP: 10/10
  6960 | D:8      | Found a hazy altar of Hepliaklqana.
  7782 | D:9      | Reached skill level 16 in Axes
  7824 | D:9      | Found a staircase to the Lair.
  7866 | D:9      | Noticed a two-headed ogre
  7887 | D:9      | Killed a two-headed ogre
  8631 | D:10     | Entered Level 10 of the Dungeon
  8688 | D:10     | Noticed a gargoyle
  8702 | D:9      | Killed a gargoyle
  8885 | D:10     | Became a worshipper of Beogh the Brigand
  8915 | D:10     | Reached skill level 10 in Armour
  9079 | D:10     | Noticed a two-headed ogre
  9105 | D:10     | Killed a two-headed ogre
  9106 | D:10     | Reached skill level 5 in Fighting
  9754 | D:11     | Noticed a death yak
  9755 | D:11     | Noticed a death yak
  9755 | D:11     | Found a huge runed translucent gate.
  9755 | D:11     | Found a huge runed translucent gate.
  9755 | D:11     | Found a huge runed translucent gate.
  9776 | D:11     | Found a huge runed translucent gate.
  9836 | D:11     | Reached XP level 11. HP: 89/89 MP: 13/13
 10336 | D:12     | You fall into a shaft and drop 3 floors!
 10336 | D:15     | Entered Level 15 of the Dungeon
 10402 | D:15     | Noticed a cyan ugly thing
 10402 | D:15     | Noticed a cyan ugly thing
 10403 | D:15     | Noticed a skeletal warrior
 10403 | D:15     | Noticed a cyan ugly thing
 10411 | D:15     | Noticed a cyan ugly thing
 10429 | D:15     | Killed a cyan ugly thing
 10449 | D:15     | Killed a skeletal warrior
 10450 | D:15     | Noticed a cyan ugly thing
 10453 | D:15     | Noticed a skeletal warrior
 10453 | D:15     | Noticed a skeletal warrior
 10453 | D:15     | Noticed a skeletal warrior
 10580 | D:15     | Killed a brown ugly thing
 10593 | D:15     | Noticed a skeletal warrior
 10618 | D:15     | Killed a red ugly thing
 10619 | D:15     | Reached skill level 5 in Invocations
 10620 | D:15     | Killed a skeletal warrior
 10688 | D:15     | Noticed a skeletal warrior
 10688 | D:15     | Noticed a skeletal warrior
 10703 | D:15     | Killed a skeletal warrior
 10714 | D:15     | Noticed a skeletal warrior
 10720 | D:15     | Killed a skeletal warrior
 10721 | D:15     | Reached skill level 10 in Fighting
 10749 | D:15     | Killed a skeletal warrior
 10836 | D:15     | Killed a skeletal warrior
 10876 | D:15     | Killed a skeletal warrior
 10887 | D:15     | Killed a skeletal warrior
 10994 | D:15     | Killed a purple ugly thing
 11001 | D:15     | Killed a purple ugly thing
 11001 | D:15     | Reached * piety under Beogh
 11151 | D:15     | Noticed a five-headed hydra
 11162 | D:15     | Killed a one-headed hydra
 11163 | D:15     | Reached XP level 12. HP: 90/113 MP: 15/15
 11185 | D:14     | Noticed a centaur warrior
 11193 | D:14     | Killed a centaur warrior
 11240 | D:14     | Found Cemid's Magic Scroll Shop.
 11265 | D:14     | Found Gututyix's Assorted Antiques.
 11276 | D:14     | Bought a pitted platinum ring for 120 gold pieces
 11276 | D:14     | Identified the ring of Qazlal's Esteem {rElec rPois} (You
                  | bought it in a shop on level 14 of the Dungeon)
 11308 | D:14     | Identified Roxanne's Compendium of Earth
 11308 | D:14     | Noticed Roxanne
 11462 | D:13     | Identified the +2 robe of Dishonour {Int+2 Dex+5 SInv}
 11499 | D:13     | Noticed a two-headed ogre
 11526 | D:13     | Killed a two-headed ogre
 11949 | D:13     | Noticed a tengu warrior
 11952 | D:13     | Noticed Nessos
 11967 | D:13     | Killed a tengu warrior
 11970 | D:13     | Killed Nessos
 12340 | D:14     | Reached skill level 15 in Fighting
 12360 | D:14     | Found a gate to the Vaults.
 12515 | D:14     | Noticed a boulder beetle
 12607 | D:13     | Killed a boulder beetle
 12678 | D:14     | Found a runed translucent door.
 12678 | D:14     | Found a shimmering altar of Xom.
 12678 | D:14     | Noticed a11behringer's ghost (journeyman MiBe)
 12679 | D:14     | Identified the +7 glaive "Xetog" {chaos, *Noise *Slow Str+4
                  | Dex+4}
 12686 | D:14     | Found a runed translucent door.
 12686 | D:14     | Noticed a deep troll earth mage
 12686 | D:14     | Noticed a hell knight
 12686 | D:14     | Noticed a yaktaur captain
 12738 | D:14     | Noticed a centaur warrior
 12741 | D:14     | Killed a centaur warrior
 12861 | D:14     | Reached XP level 13. HP: 103/132 MP: 16/16
 12894 | D:14     | Found a gateway to a bazaar.
 12903 | Bazaar   | Entered a bazaar
 12904 | Bazaar   | Found Doira's Book Boutique.
 12912 | Bazaar   | Found Suixojis's Assorted Antiques.
 12921 | Bazaar   | Found Cuweni's Armour Emporium.
 12960 | Bazaar   | Found Vidwyl's Armour Shop.
 12963 | Bazaar   | Found Ugrog's Assorted Antiques.
 13028 | Bazaar   | Bought a +2 plate armour of willpower for 480 gold pieces
 13047 | Bazaar   | Bought a scroll labelled IKAREY DUIRIFA for 21 gold pieces
 13771 | D:14     | Reached ** piety under Beogh
 13924 | D:14     | Killed Roxanne
 14082 | D:15     | Paralysed by an ogre mage for 3 turns
 14735 | D:15     | Identified the +1 robe of Rukhin {Dex+4}
 14896 | D:15     | Found a staircase to the Depths.
 15013 | D:15     | Found a portal to a secret trove of treasure.
 15145 | D:15     | Reached XP level 14. HP: 137/148 MP: 17/17
 15154 | D:15     | Upgraded the game from 0.28-a0-1159-g27aa881441 to
                  | 0.28-a0-1182-g381e24db82
 15398 | D:12     | Identified the +9 lajatang of Kuaxke {flame, rElec rPois
                  | Will+ Dex-5}
 15489 | D:12     | Reached *** piety under Beogh
 15509 | D:12     | Identified the +6 dagger of the Smoking Hawk {spect, Str+4}
 15644 | D:12     | Identified the +1 ring mail of Aruthuyra {Rampage}
 16046 | D:12     | Found a staircase to the Orcish Mines.
 17715 | D:11     | Reached **** piety under Beogh
 17719 | D:11     | Reached skill level 15 in Armour
 18330 | Lair:1   | Entered Level 1 of the Lair of Beasts
 18493 | Lair:1   | Found a runed translucent gate.
 18493 | Lair:1   | Found a runed translucent gate.
 18494 | Lair:1   | Found a runed translucent gate.
 18494 | Lair:1   | Noticed RancidPinata's ghost (journeyman GrDe)
 18497 | Lair:1   | Found a viscous altar of Jiyva.
 18983 | Lair:2   | Gained Gorbash as an ally
 19427 | Lair:2   | Found a staircase to the Shoals.
 19856 | Lair:3   | Reached ***** piety under Beogh
 19985 | Lair:3   | Reached XP level 15. HP: 131/155 MP: 18/18
 20281 | Lair:3   | Gained Bogwald as an ally
 21221 | Lair:4   | Found a staircase to the Snake Pit.
 21440 | Lair:4   | Found a runed translucent door.
 21449 | Lair:4   | Found a runed translucent gate.
 21449 | Lair:4   | Found a runed translucent gate.
 21449 | Lair:4   | Found a runed translucent gate.
 21449 | Lair:4   | Found a runed translucent gate.
 21449 | Lair:4   | Found a runed translucent gate.
 21454 | Lair:4   | Found a runed translucent gate.
 21463 | Lair:4   | Identified the +3 whip of Doom {venom, rPois rC- Will+
                  | SInv}
 23112 | Lair:6   | Entered Level 6 of the Lair of Beasts
 23572 | Lair:6   | Found a runed translucent door.
 24235 | Lair:6   | Reached ****** piety under Beogh
 24240 | Lair:6   | Noticed Urug
 24302 | Lair:6   | Reached skill level 17 in Axes
 24624 | Lair:6   | Your ally Gorbash died
 24630 | Lair:6   | Reached XP level 16. HP: 152/162 MP: 19/19
 24667 | Lair:6   | Identified the +6 scale mail "Taibedis" {rElec}
 25099 | Lair:6   | Found a staircase to the Slime Pits.
 26048 | Orc:1    | Entered Level 1 of the Orcish Mines
 26087 | Orc:1    | Noticed Erica
 26098 | Orc:1    | Reached skill level 18 in Axes
 26100 | Orc:1    | Killed Erica
 27373 | Shoals:1 | Entered Level 1 of the Shoals
 28325 | Shoals:1 | Noticed a kraken
 28338 | Shoals:1 | Killed a kraken
 29313 | Shoals:2 | Reached skill level 19 in Axes
 29697 | Shoals:2 | Found Gumoot's Antique Armour Emporium.
 30421 | Shoals:2 | Upgraded the game from 0.28-a0-1182-g381e24db82 to
                  | 0.28-a0-1206-g193881aaa2
 30525 | Shoals:2 | Gained Jorge as an ally
 30526 | Shoals:2 | Reached skill level 20 in Axes
 31592 | Shoals:3 | Noticed Louise
 31616 | Shoals:3 | Cast into level 3 of the Abyss (Louise)
 31731 | Abyss:4  | Noticed a thorn hunter
 31733 | Abyss:4  | Noticed a deep elf blademaster
 31765 | Abyss:4  | Acquired a +3 broad axe of electrocution
 31796 | Abyss:4  | Reached XP level 17. HP: 45/170 MP: 20/20
 31847 | Abyss:4  | Reached skill level 21 in Axes
 31904 | Abyss:4  | Reached skill level 1 in Dodging
 31995 | Abyss:4  | Paralysed by accursed screaming for 1 turns
 32017 | Shoals:3 | Escaped the Abyss
 32039 | Shoals:3 | Killed Louise
 32704 | Shoals:3 | Identified the +2 animal skin "Caemmugi" {Harm Will++
                  | Regen+ Dex-4}
 33280 | Shoals:4 | Entered Level 4 of the Shoals
 33378 | Shoals:4 | Identified the +2 chain mail of Freezing Liberty {Rampage
                  | rC+ Stlth+}
 33498 | Shoals:4 | Reached skill level 5 in Dodging
 33561 | Shoals:4 | Noticed a kraken
 33576 | Shoals:4 | Killed a kraken
 33746 | Shoals:4 | HP: 7/170 [merfolk impaler (4)]
 33747 | Shoals:4 | Slain by a merfolk impaler

Illustrated notes

Levels and vault maps discovered:
D:1:      saegor_arrival_simple_d, layout_loops_ring
D:2:      layout_loops_ring, chequers_ecumenical_altar_island,
          minmay_small_reverse_x
D:3:      layout_basic, mainiacjoe_overflow_alcove_4, minmay_joined_circles
D:4:      layout_basic, palyth_temple_overflow_mages,
          lemuel_zombie_altar_yredelemnul, minmay_fractal_squares_5
D:5:      lemuel_ratsnest, layout_basic
D:6:      layout_layer_cave, palyth_stone_intersect
D:7:      layout_loops_ring, minmay_temple_entry_antechambers, serial_shops,
          kennysheep_mini, skrybe_limestone_x
D:8:      layout_loops_ring, mainiacjoe_overflow_alcove_1,
          grunt_temple_overflow_open, chequers_serial_rivers_micro_c,
          hangedman_decor_lopped, kennysheep_pointless_box
D:9:      layout_basic, lair_entry_dummy
D:10:     layout_long_grid, serial_glass, glass_columns_a, glass_columns_b
D:11:     lemuel_bear_cage, layout_loops_ring
D:12:     minmay_the_grid_octo_tiled_squarecenter
          [minmay_the_grid_octo_concentric, minmay_the_grid_octo_teeth,
          minmay_the_grid_octo_77, minmay_the_grid_octo_thin_diamonds,
          minmay_the_grid_square_5x5_megaprize_crossed,
          minmay_the_grid_square_5x5_lines,
          minmay_the_grid_square_5x5_minivault,
          minmay_the_grid_square_5x5_forky, minmay_the_grid_square_5x5_minibox],
          layout_loops_corners, david_orc_3, onia_ninara_cookie
D:13:     layout_stronghold, uniq_nessos
D:14:     lemuel_flame_loot_2, layout_irregular_city, erik_vaults_1,
          minmay_strange_pillars, serial_shops, bzr_entry_customers, shop, shop,
          ebering_ghost_xom, grunt_ministairs_12, minmay_hidden_floor,
          uniq_roxanne
D:15:     hangedman_depths_entry_civil_slaughter, layout_basic,
          trove_entry_hex_spiral, chequers_mini_garden
Temple:   jpeg_temple_clearing
Lair:1:   layout_hall_layers, gammafunk_ghost_ooze, grunt_megastairs_1
Lair:2:   layout_misc_corridors, minmay_shoals_entry_hut, special_room
          [special_room_bee], lemuel_fruit_tree
Lair:3:   minmay_lair_venomous_thicket, layout_hall_layers
Lair:4:   gammafunk_indiana_jones, layout_hall_layers,
          guppyfry_snake_entry_island
Lair:5:   layout_layer_cave, serial_bayou_shore_a, grunt_megastairs_4
Lair:6:   hangedman_lair_in_review, layout_big_grid, wormcave,
          nicolae_slime_entry_slimehenge, grunt_megastairs_3, uniq_urug
Shoals:1: layout_shoals
Shoals:2: layout_shoals, serial_shops, nicolae_stop_n_shop_2, st_cyclops
Shoals:3: argonaut_golden_fleece, layout_shoals, nicolae_shoals_isolated_beach,
          uniq_louise
Shoals:4: shoals_end_grunt_ice, layout_shoals
Orc:1:    layout_diamond_mine, uniq_erica

Skill      XL: |  1  2  3  4  5  6  7  8  9 10 11 12 13 14 15 16 17 |
---------------+----------------------------------------------------+-----
Axes           | 3 5 6 7 8 10 12 15 16 17 20 21 | 21.0
Shields        | 4 5 8 |  8.4
Armour         | 4 5 6 10 11 16 18 20 | 20.0
Fighting       | 6 12 17 20 | 20.0
Invocations    | 3 5 |  5.0
Dodging        | 5 |  5.0

Action                   |  1- 3 |  4- 6 |  7- 9 | 10-12 | 13-15 | 16-18 || total
-------------------------+-------+-------+-------+-------+-------+-------++-------
Melee: War axe           |    72 |   181 |   414 |   669 |  1230 |   488 ||  3054
       Scimitar          |       |       |       |     6 |    13 |    24 ||    43
       Broad axe         |       |       |       |       |       |   288 ||   288
Throw: Stone             |       |     9 |       |       |       |       ||     9
       Boomerang         |       |       |    10 |     3 |     6 |       ||    19
       Dart              |       |       |       |    27 |    21 |     1 ||    49
Invok: Convert to Beogh  |       |       |       |     1 |       |       ||     1
       Recall Orcish Fol |       |       |       |       |     2 |     4 ||     6
       Give Item to Name |       |       |       |       |     1 |       ||     1
       Resurrection      |       |       |       |       |       |     1 ||     1
       Smiting           |       |       |       |       |       |     1 ||     1
Evoke: Box of beasts     |       |       |       |       |       |     1 ||     1
       Phantom mirror    |       |       |       |       |       |     1 ||     1
  Use: Scroll            |     2 |     6 |     9 |     8 |     6 |    14 ||    45
       Potion            |     1 |     1 |       |     6 |     5 |    11 ||    24
 Stab: Distracted        |       |       |       |       |     8 |     5 ||    13
       Confused          |       |       |       |       |     2 |       ||     2
       Invisible         |       |       |       |       |     1 |       ||     1
       Paralysed         |       |       |       |       |     9 |       ||     9
       Petrified         |       |       |       |       |       |     3 ||     3
Armor: Scale mail        |    28 |    67 |       |       |       |       ||    95
       Plate armour      |       |    37 |   142 |   394 |   647 |   391 ||  1611
Dodge: Dodged            |    52 |    81 |   133 |   192 |   513 |   511 ||  1482
Block: Buckler           |    19 |    46 |    72 |   119 |   273 |   178 ||   707
       Reflection        |       |       |       |     3 |     3 |    11 ||    17

Table legend: (Time is in decaauts)
 A = Elapsed time spent in this place.
 B = Non-inter-level travel time spent in this place.
 C = Inter-level travel time spent in this place.
 D = Time resting spent in this place.
 E = Time spent auto-exploring this place.
 F = Levels seen in this place.
 G = Mean time per level.
                   A        B        C        D        E       F      G
               +--------+--------+--------+--------+--------+-----+--------+
         Total |  33083 |  31941 |   1142 |   6178 |  13426 |  30 | 1102.8 |
       Dungeon |  18197 |  17441 |    756 |   1687 |   9716 |  15 | 1213.1 |
        Temple |    109 |    109 |      0 |      0 |     82 |   1 |  109.0 |
          Lair |   7386 |   7002 |    384 |   1556 |   2384 |   6 | 1231.0 |
        Shoals |   5726 |   5726 |      0 |   2040 |   1104 |   4 | 1431.5 |
  Orcish Mines |   1130 |   1130 |      0 |    757 |    117 |   1 | 1130.0 |
         Abyss |    362 |    362 |      0 |    137 |      0 |   2 |  181.0 |
        Bazaar |    170 |    170 |      0 |      0 |     22 |   1 |  170.0 |
               +--------+--------+--------+--------+--------+-----+--------+

Top non-repeatable levels by time:
  Lair:6: 2313 daAuts
Shoals:1: 2222 daAuts
    D:12: 2209 daAuts
    D:14: 1846 daAuts
    D:15: 1740 daAuts
Shoals:2: 1634 daAuts
     D:9: 1483 daAuts
Shoals:3: 1434 daAuts
     D:4: 1394 daAuts
    D:11: 1325 daAuts
  Lair:5: 1258 daAuts
  Lair:3: 1155 daAuts
     D:6: 1152 daAuts
    D:13: 1144 daAuts
   Orc:1: 1130 daAuts
